 Dungeon Crawl Stone Soup version 0.20-a0-556-g892c87b (webtiles) character file.

1197 Alarkh the Thaumaturge (level 8, -4/52 HPs)
             Began as a Mummy Conjurer on Feb 4, 2017.
             Was a Follower of Okawaru.
             Slain by an orc warrior
             ... wielding a +0 hand axe
              (16 damage)
             ... on level 6 of the Dungeon.
             The game lasted 00:07:22 (4853 turns).

Alarkh the Thaumaturge (Mummy Conjurer)             Turns: 4853, Time: 00:07:23

Health: -4/52      AC:  5    Str: 13    XL:     8   Next: 20%
Magic:  7/20       EV: 12    Int: 22    God:    Okawaru [*.....]
Gold:   235        SH:  0    Dex: 12    Spells: 11/23 levels left

rFire    x . .     SeeInvis .   c - +0 mace
rCold    + . .     Gourm    .   a - +0 robe
rNeg     + + +     Faith    .   (no shield)
rPois    ∞         Spirit   .   j - +0 helmet
rElec    .         Reflect  .   p - +0 cloak of Dishonour {Str+2 Int+5}
rCorr    .         Harm     .   o - +0 pair of gloves
MR       +....                  (no boots)
Stlth    ++........             (no amulet)
Regen    0.2/turn               (no ring)
                                (no ring)

@: no status effects
A: no food or potions, fire vulnerability, cold resistance 1, negative energy
resistance 3, torment resistance, unbreathing
a: Heroism, Renounce Religion


You were on level 6 of the Dungeon.
You worshipped Okawaru.
Okawaru was aware of your devotion.
You were not hungry.

You visited 2 branches of the dungeon, and saw 7 of its levels.

You collected 235 gold pieces.

Inventory:

Hand Weapons
 c - a +0 mace (weapon)
Armour
 a - a +0 robe (worn)
 d - a +0 ring mail
 j - a +0 helmet (worn)
 o - a +0 pair of gloves (worn)
 p - the +0 cloak of Dishonour (worn) {Str+2 Int+5}
   (You found it on level 6 of the Dungeon)

   It affects your strength (+2).
   It affects your intelligence (+5).
Wands
 k - a wand of confusion (23/48)
 l - a wand of polymorph (16/24)
 n - a wand of flame (26/48)
Scrolls
 e - 4 scrolls of identify
 f - 4 scrolls of teleportation
 g - a scroll of magic mapping
 h - 2 scrolls of remove curse
 i - 4 scrolls of enchant weapon
 m - 2 scrolls of immolation
Books
 b - a book of Conjurations

   Spells                             Type                      Level
   a - Magic Dart                     Conjuration                  1
   b - Searing Ray                    Conjuration                  2
   c - Dazzling Spray                 Conjuration/Hexes            3
   d - Fulminant Prism                Conjuration/Hexes            4
   e - Iskenderun's Mystic Blast      Conjuration                  4
   f - Iskenderun's Battlesphere      Conjuration/Charms           5
 q - a book of Misfortune

   Spells                             Type                      Level
   a - Confusing Touch                Hexes                        1
   b - Confuse                        Hexes                        3
   c - Gell's Gravitas                Hexes/Translocation          3
   d - Petrify                        Transmutation/Earth          4
   e - Metabolic Englaciation         Hexes/Ice                    5
   f - Yara's Violent Unravelling     Hexes/Transmutation          5


   Skills:
 - Level 1.5 Dodging
 - Level 1.5 Stealth
 + Level 8.2 Spellcasting
 + Level 6.3 Conjurations
 + Level 2.7 Charms


You had 11 spell levels left.
You knew the following spells:

 Your Spells              Type           Power        Failure   Level  Hunger
a - Magic Dart            Conj           ####         1%          1    N/A
b - Searing Ray           Conj           #####.       1%          2    N/A
c - Iskenderun's Mystic   Conj           #####...     8%          4    N/A
d - Iskenderun's Battles  Conj/Chrm      ####....     34%         5    N/A

Dungeon Overview and Level Annotations

Branches:
Dungeon (6/15)             Temple (1/1) D:4

Altars:
Ashenzari
Cheibriados
Dithmenos
Elyvilon
Fedhas
Gozag
Hepliaklqana
Kikubaaqudgha
Makhleb
Nemelex Xobeh
Okawaru
Qazlal
Ru
Sif Muna
Trog
Uskayaw
Vehumet
Xom
Yredelemnul
Zin
The Shining One


Innate Abilities, Weirdness & Mutations

You do not eat or drink.
Your flesh is vulnerable to fire.
You are immune to poison.
Your flesh is cold resistant. (rC+)
You are immune to negative energy. (rN+++)
You are immune to unholy pain and torment.
You can survive without breathing.


Message History

Aim: an orc warrior, wielding a hand axe and wearing a runed plate armour (moderately wounded)
The searing ray misses the orc warrior.
The searing ray misses the orc. (Press . to maintain the ray.)
The orc warrior misses you.
The searing ray hits the orc warrior.
The orc warrior is moderately wounded.
The orc warrior hits you with a hand axe!
The searing ray hits the orc warrior.
The orc warrior is heavily wounded.
The orc warrior hits you with a hand axe!
* * * LOW HITPOINT WARNING * * *
The searing ray misses the orc warrior.
The searing ray hits the orc.
You kill the orc!
Okawaru accepts your kill.
The searing ray hits the jelly.
You kill the jelly!
Okawaru accepts your kill.
You finish channeling your searing ray.
The orc warrior hits you with a hand axe!
You die...

#+###### . .......## ...
........##############.....
........#!......@o))..>....
..........###########...?..
..)......## .....
........## .... .......##
... #.....## ## #######


You could see an orc warrior.

Vanquished Creatures
  The ghost of Goblin1989 the Basher, a novice BaFi of Okawaru (D:5)
  2 centaurs (D:5)
  A howler monkey (D:4)
  A crimson imp (D:5)
  A hound (D:5)
  A jelly (D:6)
  5 orc priests
  A centaur skeleton (D:4)
  An iguana (D:5)
  2 worker ants
  5 orc wizards
  A hound skeleton (D:6)
  A howler monkey skeleton (D:6)
  3 adders
  2 shadow imps
  An ooze (D:1)
  An adder zombie (D:4)
  A worm (D:2)
  2 dart slugs
  2 leopard geckos
  13 orcs
  2 bats (D:2)
  2 giant cockroaches
  6 goblins
  4 hobgoblins
  A quokka (D:3)
  4 frilled lizards
  4 kobolds
  8 rats
79 creatures vanquished.

Notes
Turn   | Place    | Note
-------+----------+-------------------------------------------
     0 | D:1      | Alarkh the Mummy Conjurer began the quest for the Orb.
     0 | D:1      | Reached XP level 1. HP: 13/13 MP: 4/4
   178 | D:1      | Reached skill level 3 in Spellcasting
   360 | D:1      | Reached XP level 2. HP: 19/19 MP: 0/6
   381 | D:1      | Learned a level 2 spell: Searing Ray
  1066 | D:2      | Reached XP level 3. HP: 21/24 MP: 2/8
  1639 | D:3      | Reached skill level 4 in Spellcasting
  1888 | D:3      | Reached XP level 4. HP: 26/30 MP: 2/10
  2240 | D:4      | Found a staircase to the Ecumenical Temple.
  2292 | D:4      | Reached skill level 5 in Spellcasting
  2292 | D:4      | Reached XP level 5. HP: 28/35 MP: 6/12
  2335 | Temple   | Entered the Ecumenical Temple
  2422 | Temple   | Became a worshipper of Warmaster Okawaru
  2710 | D:4      | Reached XP level 6. HP: 41/41 MP: 7/14
  2764 | D:4      | Reached skill level 6 in Spellcasting
  2764 | D:4      | Reached skill level 5 in Conjurations
  3369 | D:5      | Entered Level 5 of the Dungeon
  3713 | D:5      | Reached XP level 7. HP: 30/46 MP: 6/17
  3819 | D:5      | Learned a level 4 spell: Iskenderun's Mystic Blast
  3825 | D:5      | Learned a level 5 spell: Iskenderun's Battlesphere
  3832 | D:5      | Reached skill level 7 in Spellcasting
  3835 | D:5      | Noticed Goblin1989's ghost (novice BaFi)
  3966 | D:5      | Killed Goblin1989's ghost
  3966 | D:5      | Reached * piety under Okawaru
  4108 | D:5      | Found a stormy altar of Qazlal.
  4230 | D:5      | Reached XP level 8. HP: 36/52 MP: 14/19
  4700 | D:6      | Reached skill level 8 in Spellcasting
  4805 | D:6      | Got an ancient cloak
  4811 | D:6      | Identified the +0 cloak of Dishonour {Str+2 Int+5} (You found it on level 6 of the Dungeon)
  4853 | D:6      | Slain by an orc warrior

Vault maps used:
D:1:      scummos_arrival_simple_crosswalls
D:2:      dk_noncrumbling_3
D:3:      minmay_misc_feat_tower, dk_vineyard_1, minmay_parallelograms,
          lemuel_old_faithful
D:4:      minmay_temple_entry_poolview, first_bread
D:5:      nicolae_qazlal_general_emergency
D:6:      lemuel_insect_pit, supply_closet_lemuel, uniq_prince_ribbit1
Temple:   grunt_wide_crystal_templ

Skill      XL: |  1  2  3  4  5  6  7  8 |
---------------+-------------------------+-----
Spellcasting   | 3 4 5 6 7 8 |  8.2
Conjurations   | 4 5 6 |  6.3
Charms         | 2 |  2.7
Dodging        | |  1.5
Stealth        | |  1.5

Action                   |  1- 3 |  4- 6 |  7- 9 || total
-------------------------+-------+-------+-------++-------
Melee: Mace              |    77 |    48 |     8 ||   133
 Cast: Magic Dart        |    44 |    26 |    21 ||    91
       Searing Ray       |     2 |    11 |    15 ||    28
  Use: Scroll            |     4 |     2 |       ||     6
Armor: Ring mail         |    47 |    40 |       ||    87
       Robe              |       |     1 |     1 ||     2
Dodge: Dodged            |    47 |    39 |    20 ||   106
